 Dungeon Crawl Stone Soup version bcrawl-1.21.3 (webtiles) character file.

Game seed: 16284820756799867507

8 MisterOstroum the Skirmisher (level 2, 24/24 HPs)
             Began as a Demonspawn Fighter on Mar 25, 2020.
             Quit the game on level 1 of the Dungeon.
             The game lasted 00:00:33 (435 turns).

MisterOstroum the Skirmisher (Demonspawn Fighter)    Turns: 435, Time: 00:00:34

Health: 24/24      AC:  6    Str: 16    XL:     2   Next: 0%
Magic:  2/2        EV:  7    Int:  9    God:
Gold:   114        SH:  8    Dex: 12    Spells: 1/1 levels left

rFire    . . .     SeeInvis .     - Unarmed
rCold    . . .     Gourm    .   b - +0 medium shield
rNeg     . . .     Faith    .   a - +0 scale mail
rPois    .         Spirit   .   (no helmet)
rElec    .         Reflect  .   (no cloak)
rCorr    .         Harm     .   (no gloves)
MR       .....                  (no boots)
Stlth    ..........             (no amulet)
HPRegen  0.08/turn              (no ring)
MPRegen  0.08/turn              (no ring)

@: no status effects
A: talons 1
a: no special abilities


You were on level 1 of the Dungeon.
You were not hungry.

You visited 1 branch of the dungeon, and saw 1 of its levels.

You collected 114 gold pieces.

Inventory:

Missiles
 i - 344 sling bullets
 k - a stone (quivered)
 l - a throwing net {!f!f}
Armour
 a - a +0 scale mail (worn)
 b - a +0 medium shield (worn)
Scrolls
 f - 2 scrolls of teleportation {unknown}
 h - 2 scrolls of amnesia {unknown}
 j - 4 scrolls of identify {unknown}
Potions
 c - 2 potions of might {@q3 !q}
 g - a potion of flight {unknown}
 m - a potion of heal wounds {unknown}
Comestibles
 d - a chunk of flesh
 e - 2 rations {!d}


   Skills:
 * Level 3.1 Fighting
 + Level 2.7 Armour
 + Level 0.3 Dodging
 + Level 2.7 Shields
 * Level 2.0 Unarmed Combat


You had one spell level left.
You didn't know any spells.
Your spell library was empty.

Dungeon Overview and Level Annotations

Branches:
Dungeon (1/12)

Altars:


Innate Abilities, Weirdness & Mutations

You have sharp toenails.


Message History

No target in view!
No target in view!
No target in view!
No target in view!
No target in view!
No target in view!
No target in view!
No target in view!
No target in view!
No target in view!
No target in view!
No target in view!
No target in view!
No target in view!
You butcher the bat corpse.
d - 4 chunks of flesh (gained 1)
You see here a bat skeleton. x2
e - 2 rations {!d} (gained 1)
You open the door.
There is an open door here.
A kobold comes into view. It is wielding a +0 whip.
The kobold shouts!
The kobold throws a stone.
The stone completely misses you.
A kobold is nearby!
A kobold is nearby!
The kobold throws a stone.
The stone barely misses you. The kobold hits you with a +0 whip.
You hit the kobold but do no damage. You block the kobold's attack.
The kobold hits you but does no damage.
You closely miss the kobold. You block the kobold's attack.
You hit the kobold.
You kill the kobold!
Your Unarmed Combat skill increases to level 2!
No target in view!
No target in view!
No target in view!
No target in view!
No target in view!
No target in view!
No target in view!
No target in view!
No target in view!
No target in view!
Some of the chunks of flesh in your inventory have rotted away.
k - a stone You see here a +0 whip.
You see here a +0 whip.
You now have 8 gold pieces.
You open the door.
A rat comes into view.
There is an open door here.
Found 17 gold pieces.
You block the rat's attack.
Found a robe.
You hit the rat but do no damage. The rat bites you but does no damage.
You hit the rat.
You kill the rat!
No target in view!
No target in view!
No target in view!
No target in view!
No target in view!
No target in view!
No target in view!
No target in view!
You now have 21 gold pieces (gained 13).
You butcher the rat corpse.
d - 4 chunks of flesh (gained 1)
You see here a rat skeleton. x2
h - 2 scrolls labeled ZIOGOM SEZATT (gained 1)
You now have 38 gold pieces (gained 17).
You see here a robe.
You now have 58 gold pieces (gained 20).
A kobold comes into view. It is wielding a +0 short sword.
The kobold shouts!
The kobold throws a stone.
You block the stone.
Found a scroll labeled CIOCKE LIAST.
A kobold is nearby!
The kobold throws a stone.
The stone hits you but does no damage.
Found a throwing net.
The kobold barely misses you.
Found a scroll labeled CIOCKE LIAST.
You hit the kobold.
You kill the kobold!
You have reached level 2!
Your demonic ancestry asserts itself...
Your toenails lengthen and sharpen.
Some of the chunks of flesh in your inventory have rotted away.
l - a throwing net {!f!f}
j - 3 scrolls labeled CIOCKE LIAST (gained 1)
j - 4 scrolls labeled CIOCKE LIAST (gained 1)
You now have 76 gold pieces (gained 18).
You open the door.
Found a stone staircase leading down.
There is an open door here.
You now have 100 gold pieces (gained 24).
Some of the chunks of flesh in your inventory have rotted away.
You now have 114 gold pieces (gained 14).
m - a fizzy black potion Are you sure you want to abandon this character and quit the game? (Confirm with "yes".)

#..... #.# #.....
####.#######.....
................
...#####.#.....
#..#####.#.####
#..........# ##
####..#####.#####.
#@................
#.###.#####.#####.
#.# #.# #.# #. ..#
#.. #.# #. #..#
##.# #+# ###. #..#
.. .... #..# #.#
.... ...#
.#......... ....
....


There were no monsters in sight!

Vanquished Creatures
  A goblin (D:1)
  A hobgoblin (D:1)
  3 bats (D:1)
  2 kobolds (D:1)
  3 rats (D:1)
10 creatures vanquished.

Notes
Turn   | Place    | Note
-------+----------+-------------------------------------------
     0 | D:1      | MisterOstroum the Demonspawn Fighter began the quest for
                  | the Orb.
     0 | D:1      | Reached XP level 1. HP: 18/18 MP: 1/1
   356 | D:1      | Gained mutation: You have sharp toenails. [demonic
                  | ancestry]
   356 | D:1      | Reached XP level 2. HP: 24/24 MP: 2/2
   435 | D:1      | Quit the game

Skill      XL: |  1 |
---------------+----+-----
Unarmed Combat | 2 |  2.0
Fighting       | |  3.1
Armour         | |  2.7
Dodging        | |  0.3
Shields        | |  2.7

Action                   || total
-------------------------++-------
Melee: Unarmed           ||    38
Armor: Scale mail        ||    22
Dodge: Dodged            ||    12
Block: Medium shield     ||    27
